 Dungeon Crawl Stone Soup version 0.31.0-12-g77e489cdc1 (webtiles) character file.

Game seed: 7598824376627547094

2029 lordive the Carver (level 9, 0/78 HPs)
             Began as a Minotaur Monk on Feb 29, 2024.
             Was an Elder of Okawaru.
             Slain by an ogre
             ... wielding a +0 giant spiked club
              (16 damage)
             ... on level 6 of the Dungeon.
             The game lasted 00:09:28 (5579 turns).

lordive the Carver (Minotaur Monk)                  Turns: 5579, Time: 00:09:28

Health: 0/78       AC: 12    Str: 20    XL:     9   Next: 3%
Magic:  9/11       EV: 12    Int:  7    God:    Okawaru [****..]
Gold:   321        SH:  0    Dex: 13    Spells: 8/8 levels left

rFire   . . .        a - +0 falchion
rCold   . . .        (no shield)
rNeg    . . .        v - +0 chain mail
rPois   .            (helmet restricted)
rElec   .            (no cloak)
rCorr   .            (no gloves)
SInv    .            (no boots)
Will    .....        h - amulet of regeneration Stlth
                     l - ring of flight
HPRegen 1.13/turn    (no ring)
MPRegen 0.12/turn

%: no passive effects
@: heroic, flying
A: horns 2, retaliatory headbutt
a: Renounce Religion, Heroism, Finesse


You were on level 6 of the Dungeon.
You worshipped Okawaru.
Okawaru was greatly pleased with you.
You visited 2 branches of the dungeon, and saw 8 of its levels.

You collected 374 gold pieces.
You spent 53 gold pieces at shops.

Inventory:

Hand Weapons
 a - a +0 falchion (weapon)
 q - a +3 dagger
Missiles
 m - 2 throwing nets (quivered)
 A - a curare-tipped dart
Armour
 v - a +0 chain mail (worn)
Jewellery
 h - an amulet of regeneration (around neck)
 l - a ring of flight (left hand)
Wands
 x - a wand of paralysis (6)
Scrolls
 b - 3 scrolls of enchant armour
 d - 6 scrolls of teleportation
 j - a scroll of immolation {unknown}
 p - a scroll of blinking {unknown}
 s - 2 scrolls of vulnerability {unknown}
 t - a scroll of butterflies {unknown}
 u - a scroll of enchant weapon {unknown}
 w - 2 scrolls of fog {unknown}
 y - a scroll of brand weapon {unknown}
 z - 2 scrolls of identify
Potions
 c - a potion of ambrosia
 e - 5 potions of curing
 f - a potion of berserk rage
 g - 2 potions of enlightenment
 i - 5 potions of heal wounds
 k - 3 potions of brilliance
 n - 4 potions of attraction
 o - a potion of invisibility
 r - 2 potions of haste


   Skills:
 + Level 6.6(11.6) Fighting
 + Level 9.1(14.1) Long Blades
 + Level 6.5(11.5) Armour
 + Level 5.2(10.2) Dodging
 - Level 0.1(5.1) Stealth
 * Level 4.6 Invocations


You had 8 spell levels left.
You didn't know any spells.
Your spell library contained the following spells:

 Spells                   Type           Power      Damage    Failure   Level
 Shock                    Conj/Air       0%         1d3       94%         1
 Frozen Ramparts          Ice            0%         1d1       100%        3
 Swiftness                Air            0%         N/A       100%        3
 Airstrike                Air            0%         2d(0-16)  100%        4
 Leda's Liquefaction      Alch/Erth      0%         N/A       100%        4
 Petrify                  Alch/Erth      0%         N/A       100%        4
 Vhi's Electric Charge    Tloc/Air       0%         N/A       100%        4
 Arcjolt                  Conj/Air       0%         1d10      100%        5
 Metabolic Englaciation   Hex/Ice        0%         N/A       100%        5
 Maxwell's Capacitive Co  Air            0%         ∞         100%        8


Dungeon Overview and Level Annotations

Branches:
Dungeon (7/15)             Temple (1/1) D:4

Altars:
Ashenzari
Cheibriados
Dithmenos
Elyvilon
Fedhas
Gozag
Kikubaaqudgha
Makhleb
Nemelex Xobeh
Okawaru
Qazlal
Ru
Trog
Vehumet
Wu Jian
Yredelemnul
Zin
The Shining One

Shops:
D:2 !   D:4 !=*

Annotations:
D:6 1 runed translucent door, spaghetti's ghost, novice NaCK


Innate Abilities, Weirdness & Mutations

You have a pair of horns on your head.
You reflexively headbutt those who attack you in melee.


Message History

Okawaru accepts your kill.
No target in view!
No target in view!
No target in view!
Things that are here:
a +0 short sword; a curare-tipped dart; a kobold corpse
A - a curare-tipped dart
Things that are here:
a +0 dagger; a +0 dagger; a kobold corpse You now have 307 gold pieces (gained 11).
Found a runed translucent door.
You now have 321 gold pieces (gained 14).
Spaghetti's ghost turns its malevolent gaze towards you.
For a moment, spaghetti's ghost blends into the shadows.
You reach down and open the door.
An ogre comes into view. It is wielding a +0 giant spiked club.
Found a scroll labelled KEARHE CAICOC and a dagger.
An adder comes into view.
The adder hisses angrily.
The ogre hits you with a +0 giant spiked club!!
There is an open door, spattered with blood here.
You closely miss the ogre. You hit the ogre.
The ogre is lightly wounded.
The ogre hits you with a +0 giant spiked club!!
You are too injured to fight recklessly!
You are too injured to fight recklessly!
You are too injured to fight recklessly!
You are too injured to fight recklessly!
You gain the combat prowess of a mighty hero.
You hit the ogre.
The ogre is lightly wounded.
The ogre hits you with a +0 giant spiked club!
* * * LOW HITPOINT WARNING * * *
You hit the ogre.
The ogre is moderately wounded.
You slash the ogre!
The ogre is severely wounded.
The ogre hits you with a +0 giant spiked club!
You die...

.#⌠..♣..W+........## ##........
.##..!..##....###..#####[.......#
..##...##...#..###...##.........#
...##⌠##...##..# ##..........#<.#
....###...####.###....#####......
.........# #.....##+# #+##...
..#.....### #...### ###.
.###......####..##.# #.## ##
#...........@OS# #..' .#
##.....###...##.# #.##
.###.....## ##...### ###.
...#.....# #.....#### ####...
.........# ##........##+##......
.....†...## #.....###............
..........###....## ####..#####..
...........#.....## ##...# ##.
..##..............####....## #.


You could see an ogre and an adder.

Vanquished Creatures
  Sigmund (D:5)
  A wyvern (D:4)
  A water moccasin (D:6)
  An ice beast (D:6)
  A wolf (D:5)
  An ogre (D:5)
  A centaur (D:5)
  A kobold brigand (D:6)
  2 phantoms (D:5)
  2 scorpions
  A howler monkey (D:5)
  2 jellies (D:6)
  An orc priest (D:3)
  2 bombardier beetles
  9 hounds
  4 iguanas
  4 gnoll boudas (D:5)
  13 gnolls (D:5)
  2 adders
  2 ufetubi (D:5)
  2 dart slugs (D:1)
  6 orcs
  5 ball pythons
  6 endoplasms
  3 giant cockroaches
  7 goblins
  4 hobgoblins
  14 jackals
  6 quokkas
  4 bats
  3 frilled lizards
  14 kobolds
  6 rats
132 creatures vanquished.

Notes
Turn   | Place    | Note
-------+----------+-------------------------------------------
     0 | D:1      | lordive the Minotaur Monk began the quest for the Orb.
     0 | D:1      | Reached XP level 1. HP: 19/19 MP: 0/0
   177 | D:1      | Reached XP level 2. HP: 21/27 MP: 1/1
   208 | D:1      | Reached skill level 4 in Long Blades
   380 | D:1      | Reached XP level 3. HP: 29/33 MP: 2/2
   826 | D:2      | Found Ferphig's Distillery.
   839 | D:2      | Bought a potion of degeneration for 13 gold pieces
  1714 | D:3      | Reached XP level 4. HP: 41/41 MP: 3/3
  1947 | D:4      | Found a staircase to the Ecumenical Temple.
  1951 | D:4      | Found Zoempuka's Distillery.
  1964 | Temple   | Entered the Ecumenical Temple
  1977 | Temple   | Became a worshipper of Warmaster Okawaru
  1977 | Temple   | Reached * piety under Okawaru
  1977 | Temple   | Reached ** piety under Okawaru
  2626 | D:4      | Reached skill level 5 in Long Blades
  2639 | D:4      | Reached skill level 1 in Armour
  2639 | D:4      | Reached XP level 5. HP: 9/47 MP: 4/4
  2894 | D:4      | Bought a potion of degeneration for 10 gold pieces
  2894 | D:4      | Bought a potion of attraction for 30 gold pieces
  2961 | D:4      | You are sucked into a shaft and drop 3 floors!
  3018 | D:6      | Reached skill level 1 in Invocations
  3051 | D:6      | Reached XP level 6. HP: 32/55 MP: 4/6
  3194 | D:6      | Noticed an ice beast
  3206 | D:6      | Killed an ice beast
  3207 | D:6      | Reached skill level 5 in Fighting
  3221 | D:5      | Entered Level 5 of the Dungeon
  3239 | D:5      | Reached skill level 6 in Long Blades
  3474 | D:4      | Reached XP level 7. HP: 50/61 MP: 7/7
  3528 | D:4      | Found Dycuklie's Jewellery Emporium.
  3566 | D:4      | Reached *** piety under Okawaru
  3640 | D:4      | Found Juisar's Assorted Antiques.
  3918 | D:5      | Noticed a wyvern
  3932 | D:4      | Killed a wyvern
  3948 | D:5      | Reached skill level 7 in Long Blades
  4065 | D:5      | Reached skill level 5 in Dodging
  4065 | D:5      | Reached XP level 8. HP: 64/70 MP: 9/9
  4102 | D:5      | Reached skill level 5 in Armour
  4192 | D:5      | Reached skill level 8 in Long Blades
  4401 | D:5      | Noticed Sigmund
  4418 | D:5      | Killed Sigmund
  4514 | D:5      | Reached **** piety under Okawaru
  5005 | D:6      | Reached skill level 9 in Long Blades
  5261 | D:6      | Noticed spaghetti's ghost (novice NaCK)
  5431 | D:6      | Reached XP level 9. HP: 54/78 MP: 11/11
  5543 | D:6      | Found a runed translucent door.
  5579 | D:6      | Slain by an ogre

Illustrated notes

Levels and vault maps discovered:
D:1:      dpeg_arrival_tiny_d, layout_basic,
          hangedman_abyss_or_decor_lesser_grid, minmay_statues_item
D:2:      layout_basic, serial_shops, nicolae_shop_crystal
D:3:      layout_loops_ring
D:4:      layout_loops_corners, minmay_temple_entry_large_hall, serial_shops,
          shop, shop, shop, minmay_fountain_box
D:5:      layout_cave_pools, serial_gnoll_camp, gnoll_camp_mini_hut,
          gnoll_camp_mini_doghouse, gnoll_camp_mini_loothouse,
          gnoll_camp_mini_basic, uniq_sigmund
D:6:      layout_layer_cave, hellmonk_ghost_happy_afterlife,
          eino_small_chamber_without_monster, minmay_misc_feat_five,
          minmay_divided_ellipse
D:7:      layout_basic
Temple:   dpeg_three_leaves_temple

Skill      XL: |  1  2  3  4  5  6  7  8 |
---------------+-------------------------+-----
Fighting       | 4 5 6 |  6.6
Long Blades    | 4 5 6 7 9 |  9.1
Dodging        | 4 5 |  5.2
Armour         | 1 2 3 4 6 |  6.5
Invocations    | 1 2 3 4 |  4.6
Stealth        | |  0.1

Action                     |  1- 3 |  4- 6 |  7- 9 || total
---------------------------+-------+-------+-------++-------
  Melee: Falchion          |    95 |   106 |   241 ||   442
         Headbutt          |    18 |    20 |    51 ||    89
         Punch             |     2 |     1 |     2 ||     5
 Invoke: Heroism           |       |     1 |     4 ||     5
    Use: Scroll            |       |     9 |       ||     9
   Stab: Sleeping          |     1 |       |       ||     1
 Armour: Robe              |    45 |       |       ||    45
         Scale mail        |    13 |    41 |       ||    54
         Leather armour    |     5 |       |       ||     5
         Chain mail        |       |    11 |   223 ||   234
  Dodge: Dodged            |    87 |    66 |   147 ||   300
